[Event "Early-Titled-Tuesday-Blitz-April-23-2024"]
[Site "Chess.com"]
[Date "2024.04.23"]
[Round "6"]
[White "Masterbeaterr"]
[Black "RianKapriaga"]
[Result "0-1"]
[WhiteElo "2467"]
[BlackElo "2318"]
[TimeControl "180+1"]
[EndTime "9:06:20 PDT"]
[Termination "RianKapriaga won by resignation"]

1. d4 Nf6 2. c4 e6 3. Nc3 d5 4.
Nf3 Be7 5. e3 O-O 6. Bd3 a6 7.
cxd5 exd5 8. O-O Nbd7 9. b3 Re8 10. Bb2 c6 11. Qc1 Nf8 12. Ba3 Ng6 13. Bxe7 Qxe7 14. Bxg6 hxg6 15. Ne5 Ng4 16. Nxg4 Bxg4 17. Na4 Qg5 18. Kh1 Re7 19. Nc5 Rae8 20. a4 Qh4 21. a5 g5 22. Nd3 f6 23. Ra2 Kf7 24. f3 Bf5 25. g3 Qh7 26. Nc5 Rxe3 27. Nxb7 Re2 28. Nd6+ Kg6 29. Rxe2 Rxe2 30. h4 gxh4 31. g4 Bc2 32. Qf4 Qh6 33. Qxh6+ Kxh6 34. b4 Kg5 35.
Ne8 Rxe8 0-1

[Event "Early-Titled-Tuesday-Blitz-April-23-2024"]
[Site "Chess.com"]
[Date "2024.04.23"]
[Round "6"]
[White "Attacker_2006"]
[Black "IM_ArthurDW08"]
[Result "1/2-1/2"]
[WhiteElo "2567"]
[BlackElo "2726"]
[TimeControl "180+1"]
[EndTime "9:06:24 PDT"]
[Termination "Game drawn by repetition"]

1. d4 g6 2. e4 Bg7 3. Nc3 d6 4. f4 a6 5. Nf3 b5 6. Bd3 Bb7 7. O-O c5 8. e5 cxd4 9. Ne4 Nh6 10. exd6 O-O 11. dxe7 Qxe7 12. Re1 Qc7 13. Ng3 Ng4 14. f5 Nc6 15. Bd2 Rfe8 16. fxg6 hxg6 17. a4 b4 18. Ng5 Ne3 19. Bxe3 dxe3 20. Bxg6 fxg6 21. Qd5+ Kh8 22. Nf7+ Kh7 23. Ng5+ Kh6 24. Nf7+ Kh7 25. Ng5+ Kh6 26.
Nf7+ Kh7 1/2-1/2

[Event "Early-Titled-Tuesday-Blitz-April-23-2024"]
[Site "Chess.com"]
[Date "2024.04.23"]
[Round "6"]
[White "Martial2008"]
[Black "UK_23"]
[Result "1-0"]
[WhiteElo "2685"]
[BlackElo "2493"]
[TimeControl "180+1"]
[EndTime "9:06:28 PDT"]
[Termination "Martial2008 won by resignation"]

1. d4 Nf6 2. Nf3 c5 3. d5 b5 4. e4 Nxe4 5. Bd3 Nf6 6. Bxb5 g6 7. Nc3 Bg7 8. d6 O-O 9. O-O Bb7 10. Bg5 h6 11. dxe7 Qxe7 12. Nd5 Bxd5 13. Bxf6 Qxf6 14. Qxd5 Nc6 15. c3 Rab8 16. a4 a6 17. Bxa6 Rxb2 18. Rfc1 Re8 19. Qxd7 Ree2 20. Bxe2 Rxe2 21. a5 Ne5 22. Qb7 Nd3 23. a6 Rxf2 24. a7 Rxg2+ 25. Kxg2 Nf4+ 26. Kf1 Qf5 27. a8=Q+ Kh7 28. Qbc8 Qd3+ 29. Kg1 g5 30. Qg8+ Kg6 31. Ne5+ 1-0

[Event "Early-Titled-Tuesday-Blitz-April-23-2024"]
[Site "Chess.com"]
[Date "2024.04.23"]
[Round "6"]
[White "PolandHussars"]
[Black "praveenb2002"]
[Result "0-1"]
[WhiteElo "2584"]
[BlackElo "2879"]
[TimeControl "180+1"]
[EndTime "9:06:29 PDT"]
[Termination "praveenb2002 won by checkmate"]

1. e4 c6 2. Nc3 d5 3. Nf3 Bg4 4. h3 Bxf3 5. Qxf3 e6 6. g4 d4 7. Ne2 c5 8. Bg2 Nc6 9. Qg3 Nb4 10. Kd1 d3 11. cxd3 Qxd3 12. Qxd3 Nxd3 13. Rf1 O-O-O 14.
b3 g5 15. Rb1 h5 16. gxh5 Rxh5 17. f4 Ne7 18. f5 Nc6 19. a3 Nce5 20. Kc2 g4 21. hxg4 Rh2 22. Rg1 Rxg2 23. Rxg2 Ne1+ 24. Kc3 Rd3+ 25. Kb2 Nxg2 26. Nf4 Nxf4 27. Kc2 Nf3 28. b4 Nd4+ 29. Kd1 Rh3 30. Ke1 Rf3 31. Rb3 Ng2+ 32. Kd1 Rf1# 0-1

[Event "Early-Titled-Tuesday-Blitz-April-23-2024"]
[Site "Chess.com"]
[Date "2024.04.23"]
[Round "6"]
[White "kecalk"]
[Black "Arteler"]
[Result "1-0"]
[WhiteElo "2524"]
[BlackElo "2344"]
[TimeControl "180+1"]
[EndTime "9:06:29 PDT"]
[Termination "kecalk won by checkmate"]

1. e4 e5 2. f4 d6 3. Nf3 Nf6 4. Nc3 Nc6 5. Bc4 Be7 6. O-O O-O 7. d3 exf4 8. Bxf4 Be6 9. Bb3 d5 10. exd5 Nxd5 11. Nxd5 Bxd5 12. Bxd5 Qxd5 13. Bxc7 Bc5+ 14. Kh1 Rae8 15. Bg3 Nd4 16. Nxd4 Qxd4 17. c3 Qd5 18. d4 Bd6 19. Bxd6 Qxd6 20. Qf3 Qb6 21. Qf2 Re7 22. Rae1 Rfe8 23. Qxf7+ Kh8 24. Qf8+ Rxf8 25. Rxf8# 1-0

[Event "Early-Titled-Tuesday-Blitz-April-23-2024"]
[Site "Chess.com"]
[Date "2024.04.23"]
[Round "6"]
[White "CSB7"]
[Black "bescmelasti"]
[Result "1-0"]
[WhiteElo "2804"]
[BlackElo "2599"]
[TimeControl "180+1"]
[EndTime "9:06:32 PDT"]
[Termination "CSB7 won by resignation"]

1. e4 c5 2. Nf3 e6 3. Nc3 Nc6 4.
d4 cxd4 5. Nxd4 Nf6 6. Be2 Bb4 7. O-O Bxc3 8. bxc3 Nxe4 9. Nxc6 dxc6 10. Bd3 Nc5 11. Qg4 Qf6 12. Bg5 Qxc3 13. Rad1 O-O 14. Qg3 Kh8 15.
h4 f6 16. Bd2 Qb2 17. h5 Nxd3 18. h6 g5 19. Qxd3 e5 20. Qd6 Bf5 21. Qe7 1-0

[Event "Early-Titled-Tuesday-Blitz-April-23-2024"]
[Site "Chess.com"]
[Date "2024.04.23"]
[Round "6"]
[White "Evan_Attaker"]
[Black "yonaltimur"]
[Result "1-0"]
[WhiteElo "2581"]
[BlackElo "2407"]
[TimeControl "180+1"]
[EndTime "9:06:34 PDT"]
[Termination "Evan_Attaker won by resignation"]

1. a3 d5 2. c4 c6 3. e3 Nf6 4. b3 g6 5. Bb2 Bg7 6. Nf3 O-O 7. Be2 Nbd7 8. O-O Re8 9. d3 e5 10. Nbd2 Qe7 11. Qc2 e4 12. dxe4 dxe4 13. Nd4 a5 14. Rac1 Nb6 15. c5 Nbd5 16. Rfd1 Bd7 17. Nf1 Rad8 18.
Qd2 Bc8 19. Qxa5 Nd7 20. Ng3 f5 21. Ndxf5 gxf5 22. Nxf5 Qf7 23. Nxg7 Re5 24. Bxe5 Nxe5 25. Qxd8+ 1-0

[Event "Early-Titled-Tuesday-Blitz-April-23-2024"]
[Site "Chess.com"]
[Date "2024.04.23"]
[Round "6"]
[White "Eliwood44"]
[Black "LaPiToB"]
[Result "0-1"]
[WhiteElo "2462"]
[BlackElo "2309"]
[TimeControl "180+1"]
[EndTime "9:06:34 PDT"]
[Termination "LaPiToB won by checkmate"]

1. d4 Nf6 2. c4 e6 3. Nc3 d5 4. cxd5 exd5 5. Bg5 c6 6. e3 Nbd7 7. Bd3 Be7 8. Nge2 O-O 9. O-O Re8 10. Qc2 Nf8 11.
Rae1 h6 12. Bf4 Ne6 13. Bg3 Nh5 14. f3 Nxg3 15. Nxg3 Bh4 16. Kh1 Bxg3 17. hxg3 Qg5 18. Qf2 Nf8 19. g4 Bd7 20. Ne2 Qxe3 21. Bb1 Qxf2 22.
Rxf2 Re7 23. Ref1 Rae8 24. Ng3 Ng6 25. b4 Re1 26. Bxg6 fxg6 27. Kh2 Rxf1 28. Nxf1 Re1 29.
Ng3 Rd1 30. Ne2 Rd2 31. a4 g5 32. Kg3 Be8 33. Nc3 Rxd4 34. b5 Rc4 35. Nd1 cxb5 36.
axb5 Bxb5 37. Ne3 Rc5 38. Rd2 Bc6 39. Nf5 a5 40. Re2 g6 41. Ne7+ Kf7 42. Nc8 a4 43. Nd6+ Kf6 44. f4 gxf4+ 45. Kxf4 g5+ 46. Kg3 Rc3+ 47.
Kf2 a3 48. Nf5 Rb3 49. Kg1 Rb2 50. Re3 a2 51. Ra3 Rb1+ 52. Kh2 a1=Q 53. Rxa1 Rxa1 54. Nxh6 Ra2 55. Kh3 d4 56. g3 Ra1 57. Nf5 Rh1# 0-1

[Event "Early-Titled-Tuesday-Blitz-April-23-2024"]
[Site "Chess.com"]
[Date "2024.04.23"]
[Round "6"]
[White "mortngabriel"]
[Black "Bogdan_Bodnar"]
[Result "1-0"]
[WhiteElo "2457"]
[BlackElo "2229"]
[TimeControl "180+1"]
[EndTime "9:06:35 PDT"]
[Termination "mortngabriel won by resignation"]

1. e4 c6 2. Nc3 d5 3. Nf3 dxe4 4. Nxe4 Nf6 5. Qe2 Bf5 6. Nxf6+ gxf6 7. d3 Nd7 8. g3 h5 9. Bg2 Bg4 10. h3 Be6 11. O-O Nb6 12. Re1 Qd7 13. Kh2 O-O-O 14. a4 f5 15. a5 Nd5 16. a6 b6 17. Ng5 Nc7 18. Bf4 Bd5 19. Bxc7 Kxc7 20. Qe5+ Qd6 21.
Qxh8 Bxg2 22. Kxg2 f4 23. Qe5 1-0

[Event "Early-Titled-Tuesday-Blitz-April-23-2024"]
[Site "Chess.com"]
[Date "2024.04.23"]
[Round "6"]
[White "InitiatingASC"]
[Black "ninguno46"]
[Result "0-1"]
[WhiteElo "2356"]
[BlackElo "2529"]
[TimeControl "180+1"]
[EndTime "9:06:36 PDT"]
[Termination "ninguno46 won by resignation"]

1. d4 Nf6 2. c4 e6 3. Nc3 Bb4 4. e3 b6 5. Bd3 Bb7 6. Nf3 c5 7.
O-O O-O 8. Qc2 Re8 9. a3 Bxc3 10. Qxc3 Be4 11. Be2 d6 12. b4 Nbd7 13. Bb2 Qc7 14. Rfd1 e5 15. dxe5 dxe5 16. Rd2 Bc6 17. Qc2 Nf8 18.
Ng5 h6 19. Nf3 Ng6 20. Rad1 Ne4 21. Rd3 Nxf2 22. Kxf2 e4 23. Qc3 f6 24. Rd6 exf3 25.
Bxf3 Bxf3 26. Rd7 Qe5 27. gxf3 Qxh2+ 28. Kf1 Qh3+ 29. Kf2 Ne5 30. e4 Nxd7 0-1

[Event "Early-Titled-Tuesday-Blitz-April-23-2024"]
[Site "Chess.com"]
[Date "2024.04.23"]
[Round "6"]
[White "shimastream"]
[Black "grzechu96"]
[Result "1-0"]
[WhiteElo "3049"]
[BlackElo "2790"]
[TimeControl "180+1"]
[EndTime "9:06:38 PDT"]
[Termination "shimastream won by resignation"]

1. e4 e5 2. Nf3 Nc6 3. Nc3 Nf6 4.
h3 d5 5. exd5 Nxd5 6. Bb5 Nxc3 7. bxc3 Bd6 8. O-O O-O 9. Re1 Qf6 10. d4 exd4 11. cxd4 h6 12. Rb1 Bf5 13. Bf1 b6 14.
Bb2 Nb4 15. d5 Bxc2 16. Qd2 Qg6 17. Rbc1 Bd3 18. Ne5 Bxe5 19. Bxe5 Bxf1 20. Rxf1 Nd3 21. Bxg7 Kxg7 22. Rc3 Rad8 23. Rxd3 Kh7 24. Rg3 Qf6 25.
Qc2+ Kh8 26. Rd1 Rd7 27. Rdd3 Rfd8 28. Rdf3 Qe5 29. Qd2 Kh7 30. Qd3+ Kh8 31. Qd2 Kh7 32. Qc2+ Kh8 33. Rf5 Qe1+ 34. Kh2 Qa1 35. Qd2 Kh7 36. Qf4 Qxa2 37. Rxf7+ 1-0

[Event "Early-Titled-Tuesday-Blitz-April-23-2024"]
[Site "Chess.com"]
[Date "2024.04.23"]
[Round "6"]
[White "BenchGM"]
[Black "UnTucopalaTimba"]
[Result "1-0"]
[WhiteElo "2258"]
[BlackElo "2017"]
[TimeControl "180+1"]
[EndTime "9:06:40 PDT"]
[Termination "BenchGM won by resignation"]

1. e4 c6 2. d4 d5 3. e5 Bf5 4. h4 h5 5. Bd3 Bxd3 6. Qxd3 e6 7. Nf3 Nd7 8. O-O Nh6 9. Bg5 Qb6 10. Nbd2 Nf5 11. c4 dxc4 12. Nxc4 Qc7 13. Rac1 Nb6 14. Ne3 Ne7 15. Nd2 Ned5 16. Ne4 Qd7 17. Rfd1 Nxe3 18. fxe3 Nd5 19. Nc5 Bxc5 20. Rxc5 O-O 21. e4 Ne7 22. Qf3 g6 23. Qf6 Kh7 24. Qxe7 1-0

[Event "Early-Titled-Tuesday-Blitz-April-23-2024"]
[Site "Chess.com"]
[Date "2024.04.23"]
[Round "6"]
[White "Carow-Kann"]
[Black "ReinisUz"]
[Result "1-0"]
[WhiteElo "2674"]
[BlackElo "2468"]
[TimeControl "180+1"]
[EndTime "9:06:41 PDT"]
[Termination "Carow-Kann won by resignation"]

1. d4 d5 2. Bf4 Nf6 3. e3 c6 4. c4 e6 5. Nc3 Be7 6. Nf3 Nbd7 7. Qc2 O-O 8. Bd3 dxc4 9. Bxc4 b5 10. Bd3 Bb7 11. O-O a6 12. e4 h6 13. e5 Nd5 14.
Nxd5 cxd5 15. Qe2 Rc8 16. Rad1 Nb6 17. Bb1 Bg5 18. Nxg5 hxg5 19. Bc1 g6 20. Qg4 Nd7 21. Bxg5 Qb6 22. Bf6 Nxf6 23. exf6 Qd8 24. Qg5 Re8 25. Bxg6 1-0

[Event "Early-Titled-Tuesday-Blitz-April-23-2024"]
[Site "Chess.com"]
[Date "2024.04.23"]
[Round "6"]
[White "jeetjain"]
[Black "RobertoJBM"]
[Result "0-1"]
[WhiteElo "2607"]
[BlackElo "2844"]
[TimeControl "180+1"]
[EndTime "9:06:42 PDT"]
[Termination "RobertoJBM won by resignation"]

1. c4 c6 2. Nf3 d5 3. e3 Nf6 4. b3 Bg4 5. Bb2 e6 6. Be2 Nbd7 7. O-O Bd6 8. d4 O-O 9. Nc3 Ne4 10. h3 Bh5 11. Nxe4 dxe4 12. Nd2 Bxe2 13. Qxe2 f5 14. f3 exf3 15. Rxf3 Qe7 16. e4 Rae8 17. Raf1 g6 18. e5 Bb4 19. c5 Bxd2 20. Qxd2 Rd8 21. Qe3 Rf7 22. Bc1 Nf8 23. Qc3 Rd5 24. Be3 Qd8 25. Qc2 Rg7 26. g4 Rgd7 27. Kh1 Rxd4 28. Bxd4 Rxd4 29.
gxf5 exf5 30. Rg1 Kf7 31. Rxf5+ gxf5 32. Qxf5+ Ke8 33. Rf1 Qd5+ 34. Kg1 Qg8+ 35. Kh1 Ne6 36. Rg1 Qf7 0-1

[Event "Early-Titled-Tuesday-Blitz-April-23-2024"]
[Site "Chess.com"]
[Date "2024.04.23"]
[Round "6"]
[White "Dr_Pepper18"]
[Black "ChEsper99"]
[Result "1-0"]
[WhiteElo "2463"]
[BlackElo "2243"]
[TimeControl "180+1"]
[EndTime "9:06:42 PDT"]
[Termination "Dr_Pepper18 won by resignation"]

1. d4 Nf6 2. Nf3 g6 3. g3 Bg7 4.
Bg2 O-O 5. O-O d6 6. c4 c6 7. Nc3 Bf5 8. Ne1 Be6 9. d5 cxd5 10. cxd5 Bd7 11. e4 b5 12. Nd3 a5 13. a3 Na6 14.
Be3 Ng4 15. Bd2 Ne5 16. Nxe5 Bxe5 17. Qe2 Qb6 18. Be3 Bd4 19. Bxd4 Qxd4 20. Nxb5 Bxb5 21.
Qxb5 Nc5 22. Rfd1 Qf6 23. Qe2 a4 24. Rac1 Nb3 25. Rc4 Rfc8 26. h4 Rxc4 27. Qxc4 Qxb2 28. Qc6 Rb8 29. Qxa4 Rc8 30. Qd7 Rc2 31. Qd8+ Kg7 32. Qb6 Rxf2 33. Qxf2 1-0

[Event "Early-Titled-Tuesday-Blitz-April-23-2024"]
[Site "Chess.com"]
[Date "2024.04.23"]
[Round "6"]
[White "Shankland"]
[Black "jakopogi"]
[Result "1-0"]
[WhiteElo "3058"]
[BlackElo "2795"]
[TimeControl "180+1"]
[EndTime "9:06:44 PDT"]
[Termination "Shankland won on time"]

1. e4 e5 2. Nf3 Nc6 3. Bc4 Bc5 4. c3 Nf6 5. d4 exd4 6. cxd4 Bb4+ 7. Bd2 Bxd2+ 8.
Nbxd2 d5 9. exd5 Nxd5 10. O-O O-O 11. Rc1 Be6 12. Re1 Re8 13. Ne4 Bg4 14. a3 Bxf3 15. Qxf3 Nxd4 16. Qh5 c6 17. Ng5 h6 18. Nxf7 Rxe1+ 19. Rxe1 Qf6 20. Bxd5 cxd5 21. Qxd5 Nf3+ 22. Qxf3 Qxf3 23.
Nxh6+ gxh6 24. gxf3 Kf7 25. Re4 Rd8 26. Rb4 b6 27.
Rc4 Rd2 28. b4 Kf6 29. Rc7 a5 30. Rc6+ Kg5 31. bxa5 bxa5 32. Rc5+ Kf4 33. Kg2 h5 34. Rxh5 1-0

[Event "Early-Titled-Tuesday-Blitz-April-23-2024"]
[Site "Chess.com"]
[Date "2024.04.23"]
[Round "6"]
[White "kasparicy"]
[Black "mapleaff"]
[Result "0-1"]
[WhiteElo "2496"]
[BlackElo "2273"]
[TimeControl "180+1"]
[EndTime "9:06:47 PDT"]
[Termination "mapleaff won by resignation"]

1. e4 c6 2. d4 d5 3. f3 e5 4.
dxe5 dxe4 5. Qxd8+ Kxd8 6. fxe4 f6 7. exf6 Nxf6 8. Bd3 Nbd7 9. Nf3 Bc5 10. Nc3 h6 11. Bf4 g5 12. Bg3 Re8 13. O-O-O g4 14. Nh4 Ne5 15. Rhf1 Nh5 16. Be2+ Kc7 17. Ng6 Nxg3 18.
Nxe5 Nxe2+ 19. Nxe2 Rxe5 20. Rf7+ Re7 21. Rf8 Rxe4 22.
Rf7+ Re7 23. Rxe7+ Bxe7 24. Ng3 Bg5+ 25. Kb1 Bd7 26. a3 Re8 0-1

[Event "Early-Titled-Tuesday-Blitz-April-23-2024"]
[Site "Chess.com"]
[Date "2024.04.23"]
[Round "6"]
[White "rezamahdavi2008"]
[Black "HajiyevKanan"]
[Result "1-0"]
[WhiteElo "2903"]
[BlackElo "2617"]
[TimeControl "180+1"]
[EndTime "9:06:49 PDT"]
[Termination "rezamahdavi2008 won by resignation"]

1. Nf3 d5 2. c4 c6 3. e3 Nf6 4. Nc3 g6 5. d4 Bg7 6. h3 O-O 7. Bd3 Nbd7 8. cxd5 cxd5 9. O-O b6 10. b4 Bb7 11. a4 a5 12. bxa5 bxa5 13. Ba3 Re8 14.
Rb1 Ba6 15. Bxa6 Rxa6 16. Qd3 Rb6 17. Rb5 Rxb5 18. Qxb5 e6 19. Rb1 Qc7 20. Qd3 Rc8 21. Rc1 Qc4 22. Nxd5 Qxd3 23. Rxc8+ Bf8 24. Nxf6+ Kg7 25.
Ne8+ Kh6 26. Bxf8+ Nxf8 27. Ne5 Qb1+ 28. Kh2 Qf5 29.
Ng4+ Kh5 30. Ng7+ 1-0

[Event "Early-Titled-Tuesday-Blitz-April-23-2024"]
[Site "Chess.com"]
[Date "2024.04.23"]
[Round "6"]
[White "maurovargas01"]
[Black "Boxerandchessplayer"]
[Result "0-1"]
[WhiteElo "1886"]
[BlackElo "2217"]
[TimeControl "180+1"]
[EndTime "9:06:49 PDT"]
[Termination "Boxerandchessplayer won on time"]

1. e4 e6 2. Nc3 d5 3. f4 dxe4 4. Nxe4 Nd7 5. Nf3 Ngf6 6. Nc3 Be7 7. d3 O-O 8. g3 b6 9. Bg2 Bb7 10. O-O c5 11. Qe1 Rc8 12. Bd2 Qc7 13. h3 h5 14. Ng5 Bxg2 15. Kxg2 Qc6+ 16. Kh2 Nd5 17. Nce4 N7f6 18. Qe2 Qd7 19. Rae1 Rfd8 20. a3 g6 21. Rd1 Qa4 22. Be1 c4 23. Nc3 Nxc3 0-1

[Event "Early-Titled-Tuesday-Blitz-April-23-2024"]
[Site "Chess.com"]
[Date "2024.04.23"]
[Round "6"]
[White "kuchma777"]
[Black "MarlonJodar"]
[Result "1-0"]
[WhiteElo "2480"]
[BlackElo "2293"]
[TimeControl "180+1"]
[EndTime "9:06:50 PDT"]
[Termination "kuchma777 won by resignation"]

1. e4 e5 2. Bc4 Nf6 3. d4 exd4 4. Nf3 Nc6 5. O-O Nxe4 6. Re1 d5 7. Bxd5 Qxd5 8. Nc3 Qh5 9. Nxe4 Be6 10. Bg5 Bd6 11. Nxd6+ cxd6 12. Bf4 Qd5 13. c3 Qf5 14. cxd4 Qxf4 15.
d5 Kd7 16. dxe6+ fxe6 17. Qb3 b6 18. Qxe6+ Kc7 19. Qd5 Kb7 20. Re7+ 1-0

[Event "Early-Titled-Tuesday-Blitz-April-23-2024"]
[Site "Chess.com"]
[Date "2024.04.23"]
[Round "6"]
[White "Fandorine"]
[Black "MatyChess1"]
[Result "1-0"]
[WhiteElo "2914"]
[BlackElo "2683"]
[TimeControl "180+1"]
[EndTime "9:06:53 PDT"]
[Termination "Fandorine won on time"]

1. d4 d5 2. Nf3 Nf6 3. c4 c6 4.
Nc3 e6 5. Qd3 a6 6. e4 dxc4 7.
Qxc4 b5 8. Qd3 c5 9. e5 Nd5 10. Bg5 Qd7 11. dxc5 Nb4 12. Qe4 Bxc5 13. Rd1 O-O 14. Rxd7 Bxd7 15. a3 Bc6 16. Qg4 Nd5 17.
Nxd5 Bxd5 18. Bf6 g6 19. Qh4 Rc8 20. Bd3 Bf8 21. O-O Nd7 22. Ng5 h5 23. Nxf7 Kxf7 24.
Bxg6+ Kxg6 25. Qg5+ Kf7 26. Qxh5+ Kg8 27. Qg6+ 1-0

[Event "Early-Titled-Tuesday-Blitz-April-23-2024"]
[Site "Chess.com"]
[Date "2024.04.23"]
[Round "6"]
[White "Flaccidmoves"]
[Black "x-7171385435"]
[Result "1/2-1/2"]
[WhiteElo "2444"]
[BlackElo "2157"]
[TimeControl "180+1"]
[EndTime "9:06:55 PDT"]
[Termination "Game drawn by repetition"]

1. e4 e6 2. d4 d5 3. Nc3 Nf6 4. e5 Nfd7 5. f4 a6 6. Nf3 c5 7. Be3 Nc6 8. Na4 Qa5+ 9. c3 cxd4 10. Nxd4 Nxd4 11. Bxd4 b5 12. Bd3 bxa4 13. O-O Bc5 14. f5 Bxd4+ 15. cxd4 exf5 16. Bxf5 g6 17. e6 gxf5 18. exd7+ Bxd7 19. Re1+ Be6 20. Rxe6+ fxe6 21. Qh5+ Ke7 22. Qg5+ Kd6 23. Qg3+ Ke7 24. Qg7+ Kd6 25. Qe5+ Kd7 26. Qg7+ Kd6 27. Qe5+ Kd7 28. Qg7+ Kd6 1/2-1/2

[Event "Early-Titled-Tuesday-Blitz-April-23-2024"]
[Site "Chess.com"]
[Date "2024.04.23"]
[Round "6"]
[White "sokidze"]
[Black "ScofieldMichael01"]
[Result "1-0"]
[WhiteElo "2811"]
[BlackElo "2600"]
[TimeControl "180+1"]
[EndTime "9:06:56 PDT"]
[Termination "sokidze won by resignation"]

1. e4 Nf6 2. e5 Nd5 3. d4 d6 4. c4 Nb6 5. exd6 cxd6 6. Nc3 g6 7.
Be3 Bg7 8. Rc1 Nc6 9. b3 d5 10.
c5 e5 11. Nge2 O-O 12. cxb6 exd4 13. Nxd4 Bxd4 14. Bxd4 Qh4 15. Nb5 Bg4 16. g3 Qh5 17. Be2 Bxe2 18. Qxe2 Rae8 19. Be3 Qxe2+ 20. Kxe2 d4 21.
Rxc6 bxc6 22. Nxd4 c5 23. Nb5 axb6 24. Rd1 Ra8 25.
a3 Ra5 26. a4 c4 27. Bxb6 Ra6 28. a5 cxb3 29. Rb1 Re8+ 30. Kf1 Re5 31. Nc7 Raxa5 32.
Bxa5 Rxa5 33. Rxb3 Rc5 34. Nb5 Rc2 35. Kg2 Kg7 36.
Nd4 h5 37. Nxc2 1-0

[Event "Early-Titled-Tuesday-Blitz-April-23-2024"]
[Site "Chess.com"]
[Date "2024.04.23"]
[Round "6"]
[White "Tol_Tol"]
[Black "ozates"]
[Result "0-1"]
[WhiteElo "2377"]
[BlackElo "2550"]
[TimeControl "180+1"]
[EndTime "9:06:58 PDT"]
[Termination "ozates won by resignation"]

1. d4 Nf6 2. c4 g6 3. Nc3 Bg7 4. e4 O-O 5. f3 d6 6. Be3 e5 7.
Nge2 exd4 8. Nxd4 c6 9. Be2 d5 10. cxd5 cxd5 11. e5 Nfd7 12. f4 Nc6 13. O-O Nb6 14.
Nxc6 bxc6 15. Bc5 Re8 16. Rc1 f6 17. exf6 Qxf6 18. Kh1 Bf5 19. b3 d4 20. Na4 Nd5 21.
Bc4 Rad8 22. Re1 Re4 23. Qd2 Kh8 24. Rxe4 Bxe4 25. Bxd5 Rxd5 26. Bxa7 Rh5 27. Nc5 Qh4 28.
Kg1 Qxh2+ 29. Kf1 Qh1+ 30. Ke2 Qxg2+ 31. Kd1 Rh1+ 0-1

[Event "Early-Titled-Tuesday-Blitz-April-23-2024"]
[Site "Chess.com"]
[Date "2024.04.23"]
[Round "6"]
[White "Acva-Alenok"]
[Black "manmanlai1"]
[Result "1-0"]
[WhiteElo "2370"]
[BlackElo "2511"]
[TimeControl "180+1"]
[EndTime "9:06:58 PDT"]
[Termination "Acva-Alenok won by resignation"]

1. d4 Nf6 2. c4 g6 3. Nf3 Bg7 4. g3 O-O 5. Bg2 d5 6. cxd5 Nxd5 7. O-O Nb6 8. Nc3 Nc6 9. e3 e5 10. dxe5 Nxe5 11. Nxe5 Bxe5 12. Qe2 c6 13. e4 Be6 14.
Rd1 Qe7 15. Bh6 Rfe8 16. f4 Qc5+ 17. Kh1 Bc4 18. Qf3 Bd4 19. e5 Bxc3 20. Qxc3 Qe7 21. Bg5 Qe6 22. Rd6 Qc8 23. e6 Bxe6 24. Bh6 f6 25.
Qxf6 1-0

[Event "Early-Titled-Tuesday-Blitz-April-23-2024"]
[Site "Chess.com"]
[Date "2024.04.23"]
[Round "6"]
[White "LionelMessiFCB"]
[Black "sterpfi"]
[Result "1-0"]
[WhiteElo "2468"]
[BlackElo "2241"]
[TimeControl "180+1"]
[EndTime "9:06:58 PDT"]
[Termination "LionelMessiFCB won on time"]

1. d4 Nf6 2. Nc3 d5 3. Bf4 c5 4. e4 Nxe4 5. Nxe4 dxe4 6. dxc5 Qa5+ 7. c3 Qxc5 8. Qa4+ Nc6 9. Qxe4 g6 10. Nf3 Bg7 11. Qc4 Qb6 12. O-O-O Be6 13. Qb5 Bxa2 14. Be3 Qxb5 15. Bxb5 Bb3 16. Rde1 O-O 17. Bc5 Rfc8 18. Bxe7 Nxe7 19. Rxe7 a6 20. Bd3 b5 21. Be4 Rab8 22.
Bb7 Rc5 23. Nd2 Be6 24. Ne4 Rc4 25. Nd6 1-0

[Event "Early-Titled-Tuesday-Blitz-April-23-2024"]
[Site "Chess.com"]
[Date "2024.04.23"]
[Round "6"]
[White "Larkin-Vladislav"]
[Black "TokChess"]
[Result "1-0"]
[WhiteElo "2878"]
[BlackElo "2613"]
[TimeControl "180+1"]
[EndTime "9:06:59 PDT"]
[Termination "Larkin-Vladislav won by resignation"]

1. d4 Nf6 2. Nc3 d6 3. e4 Nbd7 4. g4 g6 5. h3 Bg7 6. Bg2 e5 7.
Nge2 O-O 8. O-O c6 9. a4 a5 10. f4 exd4 11. Nxd4 Re8 12. g5 Nh5 13. Nf5 gxf5 14.
Qxh5 Nf8 15. Kh2 Qb6 16. Ra3 Ng6 17. Rb3 Qc5 18. exf5 Bxf5 19. Rxb7 Bxc2 20. Qg4 Bd3 21. Rf3 Re1 22. Rxd3 Qg1+ 23. Kg3 Rxc1 24. Ne2 Qe1+ 25. Kh2 Rc2 26. Re3 Nxf4 27. Qxf4 Be5 28. Rxe5 dxe5 29. Qxf7+ 1-0

[Event "Early-Titled-Tuesday-Blitz-April-23-2024"]
[Site "Chess.com"]
[Date "2024.04.23"]
[Round "6"]
[White "Alexei_Gubajdullin"]
[Black "Fernando_Offermann"]
[Result "0-1"]
[WhiteElo "2610"]
[BlackElo "2478"]
[TimeControl "180+1"]
[EndTime "9:06:59 PDT"]
[Termination "Fernando_Offermann won by resignation"]

1. Nf3 c5 2. g3 g6 3. Bg2 Bg7 4.
O-O Nc6 5. d3 e5 6. Nbd2 Nge7 7.
e4 O-O 8. Re1 d6 9. h4 h6 10. h5 Bg4 11. hxg6 fxg6 12. c3 Rf7 13. Qb3 Qd7 14. Nh2 Be6 15. Qc2 Raf8 16. Re2 g5 17.
Nc4 Ng6 18. a4 b6 19. Ne3 Nce7 20. a5 b5 21. a6 Nc6 22. Nf5 b4 23. Qa4 Rc8 24.
Ng4 Kh7 25. Nge3 Nge7 26. Nxe7 Qxe7 27. Nf5 Qc7 28. Be3 Rb8 29. Bf3 Bf8 30. Bh5 Rd7 31. Qd1 Bf7 32. Bxf7 Rxf7 33. Rc2 Ne7 34. g4 Ng6 35. d4 Rd7 36. cxb4 Rxb4 37. dxc5 dxc5 38. Qf3 Nf4 39. Bxf4 exf4 40. Rd1 Bg7 41. Rd5 c4 42. Qa3 Rxd5 43. Qxb4 Rd1+ 44. Kg2 f3+ 45. Kxf3 Rd3+ 46. Ke2 Qf4 47. Qxc4 Qf3+ 0-1

[Event "Early-Titled-Tuesday-Blitz-April-23-2024"]
[Site "Chess.com"]
[Date "2024.04.23"]
[Round "6"]
[White "Smoking_Crow"]
[Black "chesslh93"]
[Result "1-0"]
[WhiteElo "2636"]
[BlackElo "2380"]
[TimeControl "180+1"]
[EndTime "9:06:59 PDT"]
[Termination "Smoking_Crow won on time"]

1. d4 d5 2. Nf3 Nf6 3. Bf4 c5 4. e3 Nc6 5. c3 Qb6 6. Qb3 c4 7. Qc2 Bf5 8. Qc1 e6 9. Be2 Be7 10. O-O O-O 11. Bd1 Rfc8 12. Bc2 Qd8 13. Nbd2 Bd6 14. Bg5 Bxc2 15. Qxc2 Be7 16. e4 Nxe4 17. Bxe7 Nxe7 18. Nxe4 dxe4 19. Qxe4 Qd5 20. Qe2 b5 21.
Rfe1 Ng6 22. Qc2 a6 23. Re3 Nf4 24. Rae1 Nd3 25. R1e2 h6 26. Rd2 b4 27. Ne5 bxc3 28.
bxc3 Nxe5 29. Rxe5 Qd6 30. Rde2 Rab8 31. f4 Rb5 32. f5 Rxe5 33. Rxe5 exf5 34. Qxf5 Rb8 35. h3 Qa3 36. Re3 Qc1+ 37. Kf2 Rb2+ 38. Kf3 Qf1+ 39. Ke4 Qb1+ 40. Kf4 Rf2+ 41. Rf3 Rxf3+ 42. gxf3 Qc1+ 43.
Ke5 Qxc3 44. Qc8+ Kh7 45. Qxa6 Qe3+ 46. Kd5 Qxf3+ 47. Kc5 c3 48. Qc4 c2 49. Qxc2+ g6 50. d5 1-0

[Event "Early-Titled-Tuesday-Blitz-April-23-2024"]
[Site "Chess.com"]
[Date "2024.04.23"]
[Round "6"]
[White "ZachHKL"]
[Black "zverr1"]
[Result "0-1"]
[WhiteElo "2310"]
[BlackElo "2488"]
[TimeControl "180+1"]
[EndTime "9:07:00 PDT"]
[Termination "zverr1 won by resignation"]

1. c4 c5 2. g3 Nc6 3. Bg2 g6 4. Nf3 Bg7 5. Kf1 e5 6. d3 d6 7.
Nc3 Nge7 8. Kg1 O-O 9. h3 h6 10. Kh2 Be6 11. Re1 d5 12. cxd5 Nxd5 13. Bd2 Rc8 14. Rc1 b6 15. a3 Kh7 16. Nxd5 Bxd5 17.
Bc3 Re8 18. Nd2 Bxg2 19. Kxg2 Qd5+ 20. Kh2 f5 21. Qb3 Qd7 22. Rcd1 Rcd8 23. a4 Nd4 24.
Bxd4 Qxd4 25. Kg2 e4 26. dxe4 Qxb2 27. Qxb2 Bxb2 28. exf5 Bc3 29. fxg6+ Kxg6 30. Nf3 Bxe1 31. Rxe1 c4 32. e4 c3 33. Rc1 Rc8 34. e5 Kf5 35. Kf1 Red8 36. Ke2 Ke4 37. Rb1 c2 38. Rc1 Rf8 39.
Ne1 Kxe5 40. Nxc2 Rc4 41. f4+ Kf6 42. Kd3 Rfc8 43. Kd2 Rxa4 0-1